[Event "Titled Tuesday Blitz June 13 Late 2023"]
[White "Fuentes Godoy, Lilia Ivonne"]
[Black "Ziatdinov, Raset"]
[WhiteFideId "5104130"]
[BlackFideId "2015323"]
[WhiteElo "2024"]
[BlackElo "2220"]
[Result "1-0"]
[Round "9"]
[TimeControl "180+2"]
[Date "2023.06.13"]
[WhiteClock "0:00:06"]
[BlackClock "0:00:01"]
[Board "122"]

1. d4 Nf6 2. c4 g6 3. d5 Bg7 4. Nc3 d6 5. e4 O-O 6. h3 e5 7. Nf3 Nbd7 8. g4 Ne8 9. Bd3 Nc5 10. Bc2 a5 11. Bg5 f6 12. Be3 f5 13. Bg5 Bf6 14. Bh6 Bg7 15. Bg5 Bf6 16. Bxf6 Qxf6 17. gxf5 gxf5 18. Rg1+ Kh8 19. Ng5 fxe4 20. Ncxe4 Nxe4 21. Nxe4 Qf4 22. Qh5 Ng7 23. Qg5 Qxg5 24. Nxg5 Nf5 25. O-O-O h6 26. Ne4 Nd4 27. Rg6 Bf5 28. Rxh6+ Kg7 29. Rh4 Nxc2 30. Rg1+ Kf7 31. Kxc2 Rg8 32. Rxg8 Rxg8 33. Kd2 Rg2 34. Ke2 Rh2 35. Ng3 Bg6 36. Nf1 Rh1 37. Rh6 Kg7 38. Rh4 Bf5 39. Ng3 Rxh3 40. Nxf5+ Kg6 41. Rxh3 Kxf5 42. Re3 Kf4 43. f3 Kf5 44. Re4 c6 45. Ke3 cxd5 46. cxd5 b6 47. Rc4 b5 48. Rc6 Kf6 49. Rxd6+ Ke7 50. Re6+ 1-0


[Site "https://www.chess.com"]

[Event "Titled Tuesday Blitz June 13 Late 2023"]
[White "Sarkar, Justin"]
[Black "Powell, Paul"]
[WhiteFideId "2010011"]
[BlackFideId "2005840"]
[WhiteElo "2151"]
[BlackElo "2168"]
[Result "1-0"]
[Round "9"]
[TimeControl "180+2"]
[Date "2023.06.13"]
[WhiteClock "0:00:03"]
[BlackClock "0:00:09"]
[Board "123"]

1. d4 Nf6 2. c4 e5 3. dxe5 Ne4 4. Nf3 Bb4+ 5. Nbd2 Nc6 6. a3 Bxd2+ 7. Bxd2 Nxd2 8. Qxd2 O-O 9. g3 Qe7 10. Bg2 Nxe5 11. Nxe5 Qxe5 12. O-O d6 13. b4 Re8 14. e3 Rb8 15. Rac1 Bf5 16. c5 Red8 17. Rfd1 Qe7 18. cxd6 Rxd6 19. Qc3 c6 20. Qc5 Rxd1+ 21. Rxd1 Qxc5 22. bxc5 Kf8 23. e4 Be6 24. e5 Ke7 25. f4 Rd8 26. Rd6 Bd7 27. Kf2 Rb8 28. Ke3 a5 29. Kd4 a4 30. Be4 g6 31. Bc2 Ra8 32. Kc4 Ra5 33. Rd1 Be6+ 34. Kd4 Rb5 35. Rb1 Kd7 36. Rxb5 cxb5 37. Kc3 Kc7 38. Be4 b6 39. Kb4 Bd7 40. cxb6+ Kxb6 41. Bd5 Be8 42. g4 h6 43. h3 Ka6 44. f5 gxf5 45. gxf5 Kb6 46. f6 Ka6 47. e6 fxe6 48. Bxe6 Kb6 49. f7 Bxf7 50. Bxf7 Kc6 51. Be8+ Kb6 52. Bxb5 Kc7 53. Kxa4 Kb6 54. Kb4 Ka7 55. h4 Kb6 56. a4 Kc7 57. a5 Kb7 58. Kc5 Ka7 59. a6 Kb8 60. Kb6 Ka8 61. Bd7 Kb8 62. a7+ 1-0


[Site "https://www.chess.com"]

[Event "Titled Tuesday Blitz June 13 Late 2023"]
[White "Vila Dupla, Aurelio"]
[Black "deloewre"]
[WhiteFideId "2203383"]
[WhiteElo "2009"]
[BlackElo "2133"]
[Result "1-0"]
[Round "9"]
[TimeControl "180+2"]
[Date "2023.06.13"]
[WhiteClock "0:01:30"]
[BlackClock "0:00:00"]
[Board "125"]

1. Nf3 Nf6 2. d4 g6 3. g3 Bg7 4. Bg2 O-O 5. O-O d6 6. c4 Nc6 7. Nc3 a6 8. d5 Na5 9. b3 c5 10. dxc6 Nxc6 11. Be3 Bd7 12. h3 Rb8 13. Nd4 Nxd4 14. Bxd4 b5 15. Nd5 Nxd5 16. cxd5 Rc8 17. Bxg7 Kxg7 18. Qd4+ f6 19. Rfc1 Qa5 20. Qa7 Rxc1+ 21. Rxc1 Rd8 22. Rc7 Qe1+ 23. Bf1 Bxh3 24. Rxe7+ Kh6 25. Rxh7+ Kg5 26. Qe3+ Kf5 27. Rxh3 1-0


[Site "https://www.chess.com"]

[Event "Titled Tuesday Blitz June 13 Late 2023"]
[White "Burke, Paul"]
[Black "Chemin, Justo Reinaldo"]
[WhiteFideId "2605767"]
[BlackFideId "2101580"]
[WhiteElo "1958"]
[BlackElo "1940"]
[Result "0-1"]
[Round "9"]
[TimeControl "180+2"]
[Date "2023.06.13"]
[WhiteClock "0:00:46"]
[BlackClock "0:00:53"]
[Board "126"]

1. e4 e5 2. Nf3 Nc6 3. Bc4 Bc5 4. b4 Bb6 5. c3 d6 6. d3 Nf6 7. Ng5 O-O 8. Nxf7 Rxf7 9. Bxf7+ Kxf7 10. a4 a5 11. b5 Ne7 12. O-O Be6 13. Nd2 Kg8 14. Bb2 Ng6 15. h3 Nf4 16. Nf3 h6 17. d4 Nxe4 18. dxe5 dxe5 19. Qxd8+ Rxd8 20. Nxe5 Ne2+ 21. Kh1 Nxf2+ 22. Kh2 Be3 23. g3 Ne4 24. Rf3 Bf2 25. Rf1 Bxg3+ 26. Kg2 Nd2 27. Rxg3 Nxg3 28. Rd1 Nge4 29. Nf3 Rd3 30. Bc1 Nxf3 31. Rxd3 Ne1+ 32. Kf1 Nxd3 33. Be3 Nxc3 0-1


[Site "https://www.chess.com"]

[Event "Titled Tuesday Blitz June 13 Late 2023"]
[White "rionelG"]
[Black "Garmendiarov"]
[WhiteElo "2212"]
[BlackElo "2339"]
[Result "1-0"]
[Round "9"]
[TimeControl "180+2"]
[Date "2023.06.13"]
[WhiteClock "0:00:17"]
[BlackClock "0:00:08"]
[Board "127"]

1. e4 c5 2. g3 Nc6 3. Bg2 g6 4. Ne2 Bg7 5. c3 d6 6. d4 cxd4 7. cxd4 Nf6 8. Nbc3 O-O 9. h3 e5 10. Be3 exd4 11. Nxd4 Re8 12. O-O a6 13. Qd2 Ne5 14. b3 Qa5 15. Rac1 Bd7 16. f4 Nc6 17. Rfd1 Rad8 18. Qf2 Rc8 19. g4 Nxd4 20. Bxd4 Bc6 21. Nd5 Nxd5 22. exd5 Bxd5 23. Rxc8 Rxc8 24. Bb6 Qb5 25. Bxd5 Rc3 26. Bc4 Qe8 27. Bd4 Bxd4 28. Rxd4 Rc1+ 29. Kg2 Qc6+ 30. Rd5 b5 31. Qd2 bxc4 32. Kg3 c3 33. Qxc1 Qxd5 34. Qxc3 Qe4 35. a4 d5 36. Qf3 Qd4 37. f5 gxf5 38. gxf5 Kg7 39. Qg4+ Qxg4+ 40. hxg4 Kf6 41. Kf4 h6 42. b4 d4 43. Ke4 Kg5 44. b5 axb5 45. axb5 Kxg4 46. b6 h5 47. b7 h4 48. b8=Q h3 49. Qf4+ Kh5 50. Qg3 d3 51. Qxh3+ Kg5 52. Qxd3 f6 53. Qg3+ Kh5 54. Qg6+ Kh4 55. Kf3 Kh3 56. Qh6# 1-0


[Site "https://www.chess.com"]

[Event "Titled Tuesday Blitz June 13 Late 2023"]
[White "Celestino, Rafael Teixeira"]
[Black "Howell, David W L"]
[WhiteFideId "2108925"]
[BlackFideId "410608"]
[WhiteElo "2245"]
[BlackElo "2567"]
[Result "0-1"]
[Round "9"]
[TimeControl "180+2"]
[Date "2023.06.13"]
[WhiteClock "0:00:26"]
[BlackClock "0:00:11"]
[Board "128"]

1. e4 c5 2. Nf3 d6 3. d4 cxd4 4. Nxd4 Nf6 5. Nc3 Nc6 6. Bg5 e6 7. Be2 Be7 8. O-O O-O 9. Re1 a6 10. Qd2 Bd7 11. Rad1 Rc8 12. Nxc6 Bxc6 13. Bxf6 Bxf6 14. Qxd6 Bxc3 15. bxc3 Qa5 16. Bd3 Qxc3 17. Re3 Rfd8 18. Qg3 e5 19. Qg5 h6 20. Qh4 Qc5 21. Rg3 Rd6 22. Qg4 g6 23. Qxc8+ Kg7 24. Qg4 Bd7 25. Qe2 Be6 26. h4 Bxa2 27. h5 g5 28. Qf3 Be6 29. Rb1 b5 30. Qe2 Rb6 31. Qe3 Qc7 32. Be2 b4 33. Bg4 Bc4 34. Bf5 Qd8 35. Qe1 a5 36. Rd1 Qe7 37. Qd2 a4 38. f4 exf4 39. Qxf4 a3 40. e5 Be6 41. Bxe6 Rxe6 42. Qc4 Rxe5 43. Qd4 Qf6 44. Rf1 Rf5 45. Qxf6+ Kxf6 46. Rxf5+ Kxf5 47. Rf3+ Ke4 48. Rxf7 Kd4 49. Re7 Kc3 50. Rc7+ Kb2 51. Kf2 a2 52. Ra7 a1=Q 53. Rxa1 Kxa1 54. c4 bxc3 55. Ke3 c2 56. Ke4 c1=Q 57. Kf5 Qf4+ 58. Kg6 g4 59. g3 Qg5+ 60. Kh7 Kb2 61. Kh8 Kc3 62. Kh7 Kd4 63. Kh8 Ke5 64. Kh7 Kf6 65. Kh8 Qg7# 0-1


[Site "https://www.chess.com"]

[Event "Titled Tuesday Blitz June 13 Late 2023"]
[White "Kostiukov, Alexandr"]
[Black "Vargas, Mauricio"]
[WhiteFideId "14108100"]
[BlackFideId "4404572"]
[WhiteElo "2202"]
[BlackElo "1986"]
[Result "1-0"]
[Round "9"]
[TimeControl "180+2"]
[Date "2023.06.13"]
[WhiteClock "0:00:29"]
[BlackClock "0:00:00"]
[Board "129"]

1. g3 e5 2. Bg2 Nc6 3. c4 f5 4. Nc3 Nf6 5. e3 Bb4 6. Nd5 Bf8 7. Ne2 Nb4 8. Nxb4 Bxb4 9. a3 Be7 10. d4 e4 11. d5 d6 12. b4 O-O 13. Bb2 Qe8 14. h4 Bd7 15. Nf4 Ng4 16. Qd2 Ne5 17. Rc1 h6 18. h5 Bg5 19. Bxe5 dxe5 20. Ng6 Rf7 21. c5 Bb5 22. Bf1 Bxf1 23. Rxf1 f4 24. exf4 exf4 25. gxf4 Bf6 26. Qe3 Rd8 27. Rd1 Qa4 28. f3 exf3 29. Rxf3 Re8 30. Ne5 Bh4+ 31. Ke2 Qc2+ 32. Rd2 Qb1 33. Rd1 1-0


[Site "https://www.chess.com"]

[Event "Titled Tuesday Blitz June 13 Late 2023"]
[White "Duda, Jan-Krzysztof"]
[Black "Korobov, Anton"]
[WhiteFideId "1170546"]
[BlackFideId "14105730"]
[WhiteElo "2783"]
[BlackElo "2638"]
[Result "1-0"]
[Round "10"]
[TimeControl "180+2"]
[Date "2023.06.13"]
[WhiteClock "0:00:01"]
[BlackClock "0:00:00"]
[Board "1"]

1. e4 c5 2. Nf3 d6 3. Bb5+ Nd7 4. c3 Nf6 5. Qe2 a6 6. Ba4 e6 7. O-O Be7 8. d4 b5 9. Bc2 Bb7 10. h3 Qc7 11. Bd3 O-O 12. Nbd2 e5 13. d5 c4 14. Bc2 Rfc8 15. Rd1 a5 16. Nf1 Nc5 17. g4 b4 18. Ng3 Ba6 19. Nf5 Bf8 20. Nh2 Nd3 21. g5 Nd7 22. Ng4 Kh8 23. Kh2 Qd8 24. h4 N7c5 25. Rg1 Rc7 26. Qf3 Bc8 27. Rb1 Nxc1 28. Rbxc1 Rb8 29. Nge3 Nd3 30. Bxd3 cxd3 31. c4 g6 32. Rcd1 gxf5 33. exf5 e4 34. Qxe4 Qe7 35. Qxd3 Qe5+ 36. Kh1 Qxb2 37. Rde1 Qc3 38. Qe4 Re7 39. Qf3 a4 40. g6 Qf6 41. gxh7 Qxh4+ 42. Kg2 Bh6 43. Rh1 Qg5+ 44. Kf1 Rxe3 45. Rxe3 Bd7 46. Rh5 Qf6 47. Re4 b3 48. axb3 axb3 49. Re1 b2 50. Rb1 Qxf5 51. Rxf5 1-0


[Site "https://www.chess.com"]

[Event "Titled Tuesday Blitz June 13 Late 2023"]
[White "Paravyan, David"]
[Black "Eljanov, Pavel"]
[WhiteFideId "4194985"]
[BlackFideId "14102951"]
[WhiteElo "2563"]
[BlackElo "2598"]
[Result "1-0"]
[Round "10"]
[TimeControl "180+2"]
[Date "2023.06.13"]
[WhiteClock "0:00:26"]
[BlackClock "0:00:00"]
[Board "2"]

1. e4 e5 2. Nf3 Nc6 3. Bb5 a6 4. Ba4 Nf6 5. O-O Be7 6. Re1 b5 7. Bb3 O-O 8. h3 Bb7 9. d3 d5 10. exd5 Nxd5 11. Nxe5 Nxe5 12. Rxe5 Qd6 13. Re1 c5 14. Qf3 Qd7 15. Qg4 f5 16. Qe2 Kh8 17. Qe6 Qxe6 18. Rxe6 Rfe8 19. Nc3 Nxc3 20. bxc3 Bf6 21. Bd2 a5 22. Rb6 Ba6 23. Bd5 Ra7 24. Re1 Rxe1+ 25. Bxe1 h5 26. Be6 f4 27. Bf5 Kg8 28. Bg6 Kf8 29. Bd2 b4 30. Bxf4 1-0


[Site "https://www.chess.com"]

[Event "Titled Tuesday Blitz June 13 Late 2023"]
[White "Anton Guijarro, David"]
[Black "Firouzja, Alireza"]
[WhiteFideId "2285525"]
[BlackFideId "12573981"]
[WhiteElo "2618"]
[BlackElo "2896"]
[Result "1-0"]
[Round "10"]
[TimeControl "180+2"]
[Date "2023.06.13"]
[WhiteClock "0:00:35"]
[BlackClock "0:00:27"]
[Board "3"]

1. Nf3 c5 2. b3 d6 3. c4 e5 4. Nc3 f5 5. g3 e4 6. Nh4 Be7 7. d3 Bf6 8. Bb2 exd3 9. Qxd3 Nc6 10. O-O-O Nb4 11. Qd2 Ne7 12. a3 Nbc6 13. Qxd6 Qxd6 14. Rxd6 Nd4 15. Nb5 Nxb5 16. cxb5 Bxb2+ 17. Kxb2 Bd7 18. a4 O-O-O 19. Bg2 Kc7 20. Rhd1 b6 21. Nf3 Nc8 22. R6d2 Rhe8 23. Ng5 Re7 24. Bc6 h6 25. Rxd7+ Rdxd7 26. Ne6+ 1-0


[Site "https://www.chess.com"]

[Event "Titled Tuesday Blitz June 13 Late 2023"]
[White "Dardha, Daniel"]
[Black "Sarana, Alexey"]
[WhiteFideId "240990"]
[BlackFideId "24133795"]
[WhiteElo "2572"]
[BlackElo "2714"]
[Result "1-0"]
[Round "10"]
[TimeControl "180+2"]
[Date "2023.06.13"]
[WhiteClock "0:00:16"]
[BlackClock "0:00:00"]
[Board "4"]

1. d4 Nf6 2. Bg5 Ne4 3. h4 d5 4. Nd2 Nxd2 5. Qxd2 Bf5 6. f3 h5 7. O-O-O Qd7 8. e4 Bh7 9. Bd3 Nc6 10. Ne2 O-O-O 11. exd5 Qxd5 12. Bxh7 Rxh7 13. Nc3 Qf5 14. d5 f6 15. Qf4 Qxf4+ 16. Bxf4 Nb4 17. a3 Na6 18. Rhe1 g6 19. Nb5 Kb8 20. b4 Rd7 21. Bh2 Bh6+ 22. Kb2 Rh8 23. c4 b6 24. Nd4 Kb7 25. Ne6 Ka8 26. b5 Nc5 27. Nxc5 bxc5 28. Re6 g5 29. hxg5 Bxg5 30. Rde1 f5 31. Rc6 Bf6+ 32. Kb3 Rg8 33. Re2 Kb7 34. Rxc5 h4 35. a4 h3 36. gxh3 Rh8 37. Be5 Rxh3 38. Bxf6 exf6 39. Kb4 Rxf3 40. Rc6 Rf1 41. a5 a6 42. Rxa6 f4 43. Rxf6 f3 44. Re3 f2 45. Ref3 Rb1+ 46. Kc5 Re7 47. a6+ Ka7 48. Rxf2 Rc1 49. Rf7 Re8 50. Rxc7+ Ka8 51. Rf4 Rb8 52. Kc6 Ra1 53. d6 Ra4 54. d7 Ra5 55. Rc8 1-0


[Site "https://www.chess.com"]

[Event "Titled Tuesday Blitz June 13 Late 2023"]
[White "Rodrigue-Lemieux, Shawn"]
[Black "Deac, Bogdan-Daniel"]
[WhiteFideId "2620049"]
[BlackFideId "1226380"]
[WhiteElo "2405"]
[BlackElo "2644"]
[Result "1/2-1/2"]
[Round "10"]
[TimeControl "180+2"]
[Date "2023.06.13"]
[WhiteClock "0:00:24"]
[BlackClock "0:00:10"]
[Board "5"]

1. e4 c6 2. Nc3 d5 3. Nf3 a6 4. d4 Bg4 5. h3 Bh5 6. Bd3 e6 7. Be3 Nf6 8. g4 Bg6 9. Ne5 Bxe4 10. Nxe4 dxe4 11. Bc4 Nd5 12. Qe2 f6 13. Bd2 fxe5 14. Qxe4 Nd7 15. O-O-O Qc7 16. Rhe1 O-O-O 17. dxe5 Nc5 18. Qg2 g6 19. f4 Be7 20. Rf1 Rhf8 21. Rde1 Kb8 22. a3 Na4 23. Bb3 Nc5 24. Bc4 Qb6 25. Kb1 Na4 26. Bb3 Nc5 27. Bc4 Ka8 28. Ka1 Qc7 29. Bc1 Rf7 30. f5 gxf5 31. gxf5 exf5 32. e6 Rff8 33. Qg7 Ne4 34. Qxh7 Nd6 35. Bd3 Rh8 36. Qg7 Rdg8 37. Qd4 Rxh3 38. Bxf5 Nxf5 39. Rxf5 Qd8 40. Ref1 Rh7 41. Kb1 Rhh8 42. Rf7 Re8 43. Rd1 Qc8 44. c4 Nc7 45. Be3 c5 46. Qd7 Nxe6 47. Qxc8+ Rxc8 48. Rxe7 Rhe8 49. Rdd7 Rxe7 50. Rxe7 Rc6 51. Kc2 b6 52. Kd3 b5 53. Ke4 Nc7 54. Rd7 Kb7 55. Bf4 bxc4 56. Rh7 Kb6 57. Bxc7+ Rxc7 58. Rxc7 Kxc7 59. Kd5 Kb6 60. Kxc4 Kc6 61. a4 Kd6 62. b4 cxb4 63. Kxb4 Kc6 64. Ka5 Kb7 65. Kb4 Kb6 66. Kc4 Kc6 67. Kb4 Kb6 68. Kc4 Kc6 69. Kb4 Kb6 1/2-1/2


[Site "https://www.chess.com"]

[Event "Titled Tuesday Blitz June 13 Late 2023"]
[White "Nihal Sarin"]
[Black "Fressinet, Laurent"]
[WhiteFideId "25092340"]
[BlackFideId "608742"]
[WhiteElo "2689"]
[BlackElo "2633"]
[Result "1-0"]
[Round "10"]
[TimeControl "180+2"]
[Date "2023.06.13"]
[WhiteClock "0:00:09"]
[BlackClock "0:00:03"]
[Board "6"]

1. e4 e5 2. Nf3 Nc6 3. Bc4 Bc5 4. d3 d6 5. O-O Nf6 6. c3 a6 7. a4 Ba7 8. Re1 Ne7 9. Nbd2 Ng6 10. Nf1 O-O 11. h3 c6 12. Bb3 d5 13. exd5 Nxd5 14. Ng3 Re8 15. d4 exd4 16. Rxe8+ Qxe8 17. Nxd4 Ngf4 18. c4 Qe5 19. Nf3 Nxh3+ 20. Kf1 Qd6 21. cxd5 Nxf2 22. Qe2 Bd7 23. Qe5 Qb4 24. Nh5 f6 25. Qc3 Qxc3 26. bxc3 Kh8 27. dxc6 Bxc6 28. Nd4 Ne4 29. Nxc6 bxc6 30. Bc2 Nxc3 31. Bd2 Nd5 32. Re1 Rb8 33. Nf4 Bd4 34. Nxd5 cxd5 35. Bd3 h5 36. Bxa6 Rb2 37. Re8+ Kh7 38. Bd3+ g6 39. Re7+ Kg8 40. Be3 Be5 41. Bxg6 Kf8 42. Rf7+ Kg8 43. Bh6 1-0


[Site "https://www.chess.com"]

[Event "Titled Tuesday Blitz June 13 Late 2023"]
[White "Martinez Alcantara, Jose Eduardo"]
[Black "Grigoriants, Sergey"]
[WhiteFideId "3805662"]
[BlackFideId "4130804"]
[WhiteElo "2711"]
[BlackElo "2502"]
[Result "0-1"]
[Round "10"]
[TimeControl "180+2"]
[Date "2023.06.13"]
[WhiteClock "0:00:00"]
[BlackClock "0:00:05"]
[Board "7"]

1. e4 e5 2. Nf3 Nc6 3. Bb5 a6 4. Ba4 Nf6 5. d3 Bc5 6. c3 b5 7. Bb3 d6 8. h3 h6 9. Be3 Bxe3 10. fxe3 Ne7 11. O-O Ng6 12. Nbd2 O-O 13. Qe1 c5 14. Nh4 Nxh4 15. Qxh4 Be6 16. Rf2 Nd7 17. Qg3 c4 18. dxc4 Nc5 19. cxb5 Bxb3 20. axb3 axb5 21. Rb1 Ra2 22. Qf3 Qa8 23. Rff1 Qc6 24. Kh2 Nd3 25. Qe2 Nc5 26. Rfe1 Rc8 27. Qf3 Nd3 28. Rf1 Rc7 29. Qe2 Nc5 30. b4 Na4 31. Rf2 Rxb2 32. Rc1 Nb6 33. Qf3 Nc4 34. Nxc4 Rxf2 35. Qxf2 Qxc4 36. Qc2 Qe6 37. Qd3 Rc4 38. Rd1 h5 39. Rf1 g6 40. Ra1 Kg7 41. Ra5 Qd7 42. Ra6 Qc7 43. Rxd6 Rxc3 44. Qd5 Rxe3 45. Qxe5+ Kh7 46. Rd5 Qxe5+ 47. Rxe5 Rb3 48. Rxb5 h4 49. e5 Kg7 50. Rb7 Re3 51. Rb5 Rb3 52. Kg1 Rb2 53. Kf1 g5 54. e6 f6 55. Rb8 Rb3 56. Rb7+ Kg6 57. Rb8 Re3 58. Rg8+ Kf5 59. Re8 Rb3 60. Re7 Ke5 61. Re8 Kd6 62. e7 Ke6 63. Rb8 Kxe7 64. Rb6 Kf7 65. Kf2 Kg6 66. b5 Kf5 67. Rb8 Kf4 68. b6 Rb2+ 69. Ke1 Rxg2 70. Rf8 Rb2 71. Rxf6+ Kg3 72. Kd1 Kxh3 73. Kc1 Rb5 74. Kc2 g4 75. Kc3 g3 76. Kc4 Rb1 77. Rf1 Rxf1 0-1


[Site "https://www.chess.com"]

[Event "Titled Tuesday Blitz June 13 Late 2023"]
[White "Lashkin, Jegor"]
[Black "Vazquez, Guillermo"]
[WhiteFideId "13907808"]
[BlackFideId "3702308"]
[WhiteElo "2368"]
[BlackElo "2543"]
[Result "1/2-1/2"]
[Round "10"]
[TimeControl "180+2"]
[Date "2023.06.13"]
[WhiteClock "0:00:01"]
[BlackClock "0:00:04"]
[Board "8"]

1. d4 d5 2. c4 e6 3. Nf3 a6 4. Bg5 Be7 5. Bxe7 Qxe7 6. Nbd2 Nf6 7. g3 b6 8. Bg2 Bb7 9. Rc1 c5 10. Qb3 Nbd7 11. dxc5 Qxc5 12. O-O O-O 13. cxd5 Qxd5 14. Nc4 b5 15. Na5 Qxb3 16. axb3 Bd5 17. Nd4 g6 18. Rc7 Ne5 19. f3 Rac8 20. Rfc1 Rxc7 21. Rxc7 Rd8 22. e3 h5 23. Kf2 Rd7 24. Rxd7 Nexd7 25. e4 Ba8 26. b4 Kf8 27. Bf1 g5 28. Ndc6 g4 29. e5 Nd5 30. fxg4 hxg4 31. Be2 f5 32. exf6 N7xf6 33. Bd3 Ke8 34. Bg6+ Kd7 35. Ne5+ Kd6 36. Nf7+ Ke7 37. Ne5 Nxb4 38. Ke3 Nfd5+ 39. Kd4 Nf6 40. Kc5 Nbd5 41. Bd3 Ne3 42. Nec6+ Bxc6 43. Nxc6+ Ke8 44. Nb8 Nd1 45. Nxa6 Nxb2 46. Bxb5+ Kf7 47. Kd4 Nd5 48. Nc5 Ke7 49. Ne4 Nd1 50. Be2 N1e3 51. Nf2 Nf5+ 52. Ke5 Nf6 53. Nxg4 Nd7+ 54. Kf4 Kf7 55. Bd3 Ne7 56. Ne3 Kf6 57. Ng4+ Kf7 58. Kf3 Nc6 59. Ne3 Nde5+ 60. Ke2 Nd4+ 61. Kd2 Ndf3+ 62. Kc3 Nxh2 63. Be2 Nhf3 64. Bxf3 Nxf3 1/2-1/2


[Site "https://www.chess.com"]

[Event "Titled Tuesday Blitz June 13 Late 2023"]
[White "Sviridov, Valery"]
[Black "Hambleton, Aman"]
[WhiteFideId "4120680"]
[BlackFideId "2606577"]
[WhiteElo "2457"]
[BlackElo "2511"]
[Result "1-0"]
[Round "10"]
[TimeControl "180+2"]
[Date "2023.06.13"]
[WhiteClock "0:00:55"]
[BlackClock "0:00:01"]
[Board "9"]

1. d4 Nf6 2. Nf3 e6 3. c4 b6 4. g3 Ba6 5. Qc2 Bb7 6. Bg2 Bb4+ 7. Nbd2 Bxd2+ 8. Bxd2 Be4 9. Qc3 O-O 10. O-O d6 11. Rfd1 Nbd7 12. b4 a6 13. Qb2 b5 14. Rac1 Nb6 15. c5 Nc4 16. Qb3 h6 17. Be1 Qb8 18. Bf1 Bd5 19. Qb1 Ne4 20. Nh4 f5 21. Ng2 g5 22. f3 Nf6 23. Qd3 Nb2 24. Qb1 Nxd1 25. Rxd1 Qb7 26. Ne3 Kg7 27. Bf2 Rae8 28. Qb2 f4 29. Nxd5 Nxd5 30. Bh3 Re7 31. Rc1 Qa8 32. a3 Qe8 33. Qb3 Qg6 34. Kh1 Kh7 35. Bf1 h5 36. e4 Ne3 37. Bxe3 fxe3 38. Qxe3 Ref7 39. Be2 Kh8 40. Kg2 e5 41. d5 g4 42. Rf1 gxf3+ 43. Rxf3 Rxf3 44. Bxf3 Kg7 45. h4 Qh6 46. Qe2 Qf6 47. Bxh5 Qe7 48. c6 Rf6 49. Bg4 Rg6 50. Bf5 Rf6 51. Qh5 Qf8 52. Qh7# 1-0


[Site "https://www.chess.com"]

[Event "Titled Tuesday Blitz June 13 Late 2023"]
[White "Simonian, Hrair"]
[Black "Bortnyk, Olexandr"]
[WhiteFideId "13302337"]
[BlackFideId "14120828"]
[WhiteElo "2447"]
[BlackElo "2733"]
[Result "0-1"]
[Round "10"]
[TimeControl "180+2"]
[Date "2023.06.13"]
[WhiteClock "0:00:01"]
[BlackClock "0:00:30"]
[Board "10"]

1. e4 Nf6 2. e5 Nd5 3. c4 Nb6 4. d4 d6 5. exd6 exd6 6. Nc3 Be7 7. Bd3 O-O 8. Nge2 c6 9. O-O Na6 10. b3 d5 11. c5 Nd7 12. a3 Nc7 13. b4 Ne6 14. Qc2 g6 15. Bh6 Re8 16. a4 Bf6 17. Be3 Bg7 18. b5 Qh4 19. f4 f5 20. Bf2 Qh6 21. g3 Nf6 22. Kh1 Ng4 23. Bg1 Bd7 24. h4 Re7 25. Kg2 Rae8 26. bxc6 bxc6 27. Rab1 Bf6 28. Rb7 Qg7 29. Nd1 Nxd4 30. Nxd4 Bxd4 31. Bxd4 Qxd4 32. Rf3 Bc8 33. Rxe7 Rxe7 34. Bf1 Re1 35. Nf2 Ne3+ 36. Rxe3 Rxe3 37. Qb1 Qxc5 38. Nd3 Qb6 39. Qa1 Ba6 40. Ne5 Bxf1+ 41. Qxf1 Qb2+ 42. Kh3 Re2 43. Qg1 c5 44. Nf3 d4 45. Qd1 Qc2 46. Qa1 Qe4 47. Qf1 d3 48. Ng5 Qg2+ 49. Qxg2 Rxg2 50. Kxg2 d2 0-1


[Site "https://www.chess.com"]

[Event "Titled Tuesday Blitz June 13 Late 2023"]
[White "Gadimbayli, Abdulla"]
[Black "Andreikin, Dmitry"]
[WhiteFideId "13404938"]
[BlackFideId "4158814"]
[WhiteElo "2386"]
[BlackElo "2736"]
[Result "0-1"]
[Round "10"]
[TimeControl "180+2"]
[Date "2023.06.13"]
[WhiteClock "0:00:00"]
[BlackClock "0:00:03"]
[Board "11"]

1. e4 g6 2. d4 Bg7 3. Nc3 c6 4. Bc4 b5 5. Bb3 a5 6. a4 b4 7. Nce2 d5 8. e5 Ba6 9. Nf3 e6 10. h4 Nd7 11. h5 c5 12. h6 Bf8 13. dxc5 Bxc5 14. Bf4 Ne7 15. Qd2 Nc6 16. O-O-O O-O 17. Kb1 Rc8 18. Ng3 Be7 19. Qe3 Qb6 20. Qd2 Rfe8 21. Rde1 Nc5 22. Bg5 Qd8 23. Qf4 Nd7 24. Re3 Rf8 25. Rd1 Bxg5 26. Nxg5 Qe7 27. Nh5 d4 28. Nf6+ Nxf6 29. exf6 Qc7 30. Qxc7 Rxc7 31. Re4 Re8 32. Nf3 Rd8 33. Ka2 d3 34. cxd3 Bxd3 35. Re3 Rcd7 36. Ne5 Nxe5 37. Rxe5 Kf8 38. Rxa5 Ke8 39. Ka1 Rd4 40. Rc5 Bf5 41. Rxd4 Rxd4 42. Bc4 Kd8 43. b3 Rd1+ 44. Kb2 Rb1+ 45. Ka2 Rc1 0-1


[Site "https://www.chess.com"]

[Event "Titled Tuesday Blitz June 13 Late 2023"]
[White "Bazeev, German"]
[Black "Swiercz, Dariusz"]
[WhiteFideId "24119350"]
[BlackFideId "1126881"]
[WhiteElo "2466"]
[BlackElo "2620"]
[Result "1/2-1/2"]
[Round "10"]
[TimeControl "180+2"]
[Date "2023.06.13"]
[WhiteClock "0:00:23"]
[BlackClock "0:00:11"]
[Board "12"]

1. c4 e5 2. Nc3 Nf6 3. Nf3 Nc6 4. e4 Bb4 5. d3 d6 6. h3 O-O 7. Be2 a6 8. O-O h6 9. Be3 Bc5 10. Qd2 Re8 11. Bd1 Bd7 12. Ne2 b5 13. Bb3 Be6 14. Rac1 Bxe3 15. fxe3 Ne7 16. Ng3 c5 17. Nh4 Ng6 18. Nhf5 Nh7 19. Kh2 b4 20. Ba4 Rf8 21. Rf2 Nh4 22. Rcf1 Rc8 23. Bd1 Bxf5 24. exf5 g6 25. f6 Ng5 26. Ne4 Nxe4 27. dxe4 g5 28. Bh5 Kh7 29. Qe2 Ng6 30. Bg4 Rb8 31. g3 a5 32. Qf3 Rg8 33. Rd1 Rb6 34. Rfd2 Qf8 35. Bf5 Kh8 36. Qh5 Kh7 37. h4 gxh4 38. gxh4 Qd8 39. Rf2 Qxf6 40. Bxg6+ fxg6 41. Qxh6+ Kxh6 42. Rxf6 Kg7 43. Rfxd6 Rxd6 44. Rxd6 Rf8 45. Kg2 Rh8 46. Rd5 Rxh4 47. Rxe5 a4 48. Rxc5 Rxe4 49. Kf3 Rh4 50. Rb5 a3 51. b3 Rh2 52. Rxb4 Rxa2 53. Ra4 Ra1 54. b4 g5 55. Kg2 a2 56. b5 Kf6 57. c5 Rb1 58. Rxa2 Rxb5 59. Rc2 Ke7 60. Kg3 Rb4 61. Kf3 Kd7 62. e4 Kc6 63. Rc1 Ra4 64. Rc2 Rb4 65. Rg2 Kxc5 66. Rxg5+ Kd6 67. Ra5 Ke6 68. Kf4 Rb6 69. Rh5 Rb1 70. Rh6+ Ke7 71. Ra6 Rb5 72. Ra4 Rc5 73. Rd4 Rb5 74. Rd3 Ra5 75. Rh3 Rb5 76. Rh7+ Ke6 77. Rh6+ Ke7 78. Rg6 Ra5 79. Rg3 Rb5 80. Rg6 Ra5 81. Rg2 Rb5 82. Rg1 Ra5 83. Rf1 Rb5 84. Rf3 Ra5 85. Rg3 Rb5 86. Rg2 Ra5 87. Rg5 Rxg5 88. Kxg5 Ke6 89. e5 Kxe5 1/2-1/2


[Site "https://www.chess.com"]

[Event "Titled Tuesday Blitz June 13 Late 2023"]
[White "Kovalev, Vladislav"]
[Black "Bryakin, Mikhail"]
[WhiteFideId "13504398"]
[BlackFideId "4165314"]
[WhiteElo "2555"]
[BlackElo "2464"]
[Result "1-0"]
[Round "10"]
[TimeControl "180+2"]
[Date "2023.06.13"]
[WhiteClock "0:00:49"]
[BlackClock "0:00:45"]
[Board "13"]

1. e4 d5 2. exd5 Qxd5 3. Nc3 Qe5+ 4. Be2 Bg4 5. d4 Bxe2 6. Ngxe2 Qa5 7. b4 Qh5 8. Qd3 Nd7 9. Bf4 c6 10. d5 Ngf6 11. dxc6 bxc6 12. Qc4 e5 13. Qxc6 Rb8 14. O-O Qf5 15. Rfe1 Qe6 16. Nd4 Qxc6 17. Nxc6 Rb6 18. Nxe5 Nxe5 19. Bxe5 Kd7 20. Rad1+ Bd6 21. Na4 Rc6 22. b5 1-0


[Site "https://www.chess.com"]